 Dungeon Sprint DCSS version 0.21.1-1-g345015f (webtiles) character file.

38958 wilfster70 the Slayer (level 14, -45/154 HPs)
             Began as a Hill Orc Fighter on Feb 28, 2018.
             Was the Champion of Beogh.
             Blown up by a lich (50 damage)
             ... with an orb of destruction
             ... in the Dungeon (Sprint IX: "|||||||||||||||||||||||||||||").
             The game lasted 00:16:02 (4962 turns).

wilfster70 the Slayer (Hill Orc Fighter)            Turns: 4962, Time: 00:16:02

Health: -45/154    AC: 27    Str: 20    XL:     14   Next: 4%
Magic:  14/14      EV: 17    Int:  8    God:    Beogh [******]
Gold:   1618       SH: 14    Dex: 14    Spells: 13/13 levels left

rFire    . . .     SeeInvis .   a - +5 morningstar (crush)
rCold    . . .     Gourm    .   c - +0 shield
rNeg     . . .     Faith    .   A - +5 scale mail
rPois    +         Spirit   .   b - +1 helmet
rElec    .         Reflect  .   q - +2 cloak
rCorr    .         Harm     .   (no gloves)
MR       +....     Clarity  +   g - +0 pair of boots Stlth ..........NoTele +
                                (no amulet)
HPRegen  0.35/turn              r - +2 ring of protection
MPRegen  0.14/turn              j - ring of poison resistance

@: flayed
A: walk on water, clarity
a: Smiting, Recall Orcish Followers, Give Item to Named Follower, Resurrection,
Renounce Religion


You were in the Dungeon.
You worshipped Beogh.
Beogh was exalted by your worship.
You were hungry.

You visited 1 branch You collected 1922 gold pieces.
You spent 304 gold pieces at shops.

Inventory:

Hand Weapons
 a - a +5 morningstar of crushing (weapon)
Armour
 b - a +1 helmet (worn)
 c - a +0 shield (worn)
 g - a +0 pair of boots (worn)
 q - a +2 cloak (worn)
 A - a +5 scale mail (worn)
Jewellery
 j - a ring of poison resistance (right hand)
 r - a +2 ring of protection (left hand)
 s - a +3 ring of intelligence
 y - an uncursed ring of fire
 z - an uncursed ring of protection from cold
Wands
 o - a wand of iceblast (10)
Scrolls
 k - 2 scrolls of blinking
 m - 8 scrolls of remove curse
 n - 2 scrolls of amnesia
 v - 2 scrolls of fog
 x - a scroll of identify
Potions
 d - a potion of invisibility
 e - 6 potions of curing
 h - a potion of haste
 i - 4 potions of magic
 p - a potion of agility
 t - 2 potions of brilliance
 u - a potion of flight {unknown}
Comestibles
 f - 10 rations
 w - 5 chunks of flesh


   Skills:
 + Level 22.1 Fighting
 - Level 16.0 Maces & Flails
 + Level 20.6 Armour
 + Level 12.2 Dodging
 - Level 15.0 Shields


You had 13 spell levels left.
You didn't know any spells.

Dungeon Overview and Level Annotations

Branches:
Dungeon (1/1)

Altars:
Cheibriados
Dithmenos
Elyvilon
Fedhas
Gozag
Hepliaklqana
Kikubaaqudgha
Makhleb
Nemelex Xobeh
Okawaru
Qazlal
Ru
Sif Muna
Trog
Uskayaw
Vehumet
Wu Jian
Xom
Yredelemnul
Zin
The Shining One
Beogh
Jiyva
Lugonu

Shops:
D %*([


Innate Abilities, Weirdness & Mutations

You can walk on water.
You possess an exceptional clarity of mind.


Message History

You bludgeon the fire giant!!
The fire giant is severely wounded.
You puncture the fire giant!
The fire giant is almost dead.
The fire giant hits you with a great sword of flaming!
* * * LOW HITPOINT WARNING * * *
The fire giant burns you.
* * * LOW HITPOINT WARNING * * *
You bludgeon the fire giant!!
You kill the fire giant!
Beogh accepts your kill.
You have reached level 14!
The flayed ghost cries, "Suffer as I suffered!"
The flayed ghost stares at you with tortured malice.
The lich conjures a glowing orb.
An orb of destruction comes into view.
The lich conjures a glowing orb.
An orb of destruction comes into view.
The orb of destruction hits you!
You die...

▓.▓.▓.▓.▓.▓.▓.▓o▓.
▓.▓.▓.▓.▓.▓.▓.▓.▓.
▓.▓p▓.▓.▓.▓.▓.▓.▓.
▓.▓p▓.▓.▓.▓.▓.▓.▓.
▓.▓p▓.▓.▓.▓.▓.▓.▓.
▓.▓o▓.▓.▓.▓.▓.▓.▓'
▓.▓.▓.▓)▓.▓.▓.▓.▓.
▓.▓.▓)▓.▓'▓.▓.▓.▓.
▓@▓.▓)▓.▓.▓.▓.▓.▓.
▓§▓o▓.▓.▓.▓.▓.▓.▓.
▓§▓)▓.▓.▓.▓.▓.▓.▓.
▓*▓.▓)▓.▓=▓.▓'▓.▓.
▓L▓.▓(▓.▓.▓.▓.▓.▓)
▓.▓.▓(▓.▓)▓.▓)▓.▓.
▓Q▓.▓(▓.▓)▓.▓.▓.▓.
▓D▓.▓)▓.▓)▓.▓.▓.▓.
▓W▓.▓)▓.▓)▓.▓.▓.▓.


You could see an ice dragon, a lich and a tengu warrior.

Vanquished Creatures
  Rupert (D)
  Agnes (D)
  Frances (D)
  Kirke (D)
  A nagaraja (D)
  A fire giant (D)
  A ghost moth (D)
  An ogre mage (D)
  3 naga warriors (D)
  An ice dragon (D)
  5 hydras (D)
  Erolcha (D)
  A two-headed ogre (D)
  Erica (D)
  A merfolk aquamancer (D)
  A tengu warrior (D)
  2 alligators (D)
  A deep troll shaman (D)
  2 centaur warriors (D)
  A naga sharpshooter (D)
  2 sea snakes (D)
  5 orc knights (D)
  2 wolf spiders (D)
  2 manticores (D)
  An orb spider (D)
  2 cyclopes (D)
  2 black mambas (D)
  A merfolk siren (D)
  A naga mage (D)
  A water nymph (D)
  2 spiny frogs (D)
  A demonic crawler (D)
  3 komodo dragons (D)
  A tengu conjurer (D)
  A merfolk (D)
  A jumping spider (D)
  4 polar bears (D)
  4 hornets (D)
  2 slime creatures (D)
  2 hippogriffs (D)
  A redback (D)
  3 spriggans (D)
  2 tarantellas (D)
  A wyvern (D)
  2 vampire mosquitoes (D)
  A hungry ghost (D)
  2 nagas (D)
  A water moccasin (D)
  An eye of draining (D)
  5 orc warriors (D)
  3 ice beasts (D)
  4 black bears (D)
  A wolf (D)
  3 crocodiles (D)
  4 bullfrogs (D)
  A howler monkey (D)
  A crimson imp (D)
  An iguana (D)
  An adder (D)
  A shadow imp (D)
  An adder zombie (D)
  2 leopard geckos (D)
  A bat zombie (D)
  A giant cockroach (D)
  2 goblins (D)
  A bat (D)
  A jackal zombie (D)
  A leopard gecko zombie (D)
117 creatures vanquished.

Vanquished Creatures (collateral kills)
  An anaconda (D)
  An orc sorcerer (D)
  A cyclops (D)
  A snapping turtle (D)
  3 orc warriors (D)
  3 orc wizards (D)
  2 orcs (D)
12 creatures vanquished.

Vanquished Creatures (others)
  7 orc knights (D)
  4 orc warriors (D)
  2 orc priests (D)
  An orc wizard (D)
  5 orcs (D)
19 creatures vanquished.

Grand Total: 148 creatures vanquished

Notes
Turn   | Place    | Note
-------+----------+-------------------------------------------
     0 | D        | wilfster70 the Hill Orc Fighter began the quest for the Orb.
     0 | D        | Reached XP level 1. HP: 19/19 MP: 1/1
    27 | D        | Reached skill level 4 in Fighting
    36 | D        | Reached XP level 2. HP: 22/27 MP: 2/2
    88 | D        | Noticed an ice beast
    88 | D        | Noticed a crimson imp
    96 | D        | Killed an ice beast
    96 | D        | Reached skill level 6 in Fighting
    96 | D        | Reached skill level 5 in Maces & Flails
    96 | D        | Reached skill level 5 in Armour
    96 | D        | Reached skill level 5 in Shields
    96 | D        | Reached XP level 3. HP: 38/38 MP: 3/3
    96 | D        | Reached XP level 4. HP: 45/45 MP: 4/4
   107 | D        | Reached XP level 5. HP: 51/51 MP: 5/5
   113 | D        | Found a roughly hewn altar of Beogh.
   113 | D        | Found a snail-covered altar of Cheibriados.
   113 | D        | Found a shadowy altar of Dithmenos.
   113 | D        | Found a white marble altar of Elyvilon.
   113 | D        | Found a blossoming altar of Fedhas.
   113 | D        | Found an opulent altar of Gozag.
   114 | D        | Found a hazy altar of Hepliaklqana.
   115 | D        | Found a viscous altar of Jiyva.
   116 | D        | Became a worshipper of Beogh the Brigand
   117 | D        | Found an ancient bone altar of Kikubaaqudgha.
   118 | D        | Found a corrupted altar of Lugonu.
   119 | D        | Found a burning altar of Makhleb.
   120 | D        | Found a sparkling altar of Nemelex Xobeh.
   121 | D        | Found an iron altar of Okawaru.
   122 | D        | Found a stormy altar of Qazlal.
   123 | D        | Found a sacrificial altar of Ru.
   124 | D        | Found a deep blue altar of Sif Muna.
   125 | D        | Found a bloodstained altar of Trog.
   126 | D        | Found a hide-covered altar of Uskayaw.
   127 | D        | Found a radiant altar of Vehumet.
   128 | D        | Found an ornate altar of the Wu Jian Council.
   129 | D        | Found a shimmering altar of Xom.
   130 | D        | Found a basalt altar of Yredelemnul.
   131 | D        | Found a glowing silver altar of Zin.
   132 | D        | Found a glowing golden altar of the Shining One.
   195 | D        | Noticed an ice beast
   195 | D        | Noticed an eye of draining
   195 | D        | Noticed a hungry ghost
   198 | D        | Reached skill level 7 in Fighting
   206 | D        | Killed an ice beast
   206 | D        | Reached * piety under Beogh
   206 | D        | Reached skill level 8 in Fighting
   206 | D        | Reached XP level 6. HP: 61/61 MP: 0/6
   210 | D        | Killed an eye of draining
   218 | D        | Killed a hungry ghost
   218 | D        | Reached skill level 9 in Fighting
   218 | D        | Reached XP level 7. HP: 70/70 MP: 1/7
   219 | D        | Reached ** piety under Beogh
   269 | D        | Noticed a two-headed ogre
   269 | D        | Noticed a cyclops
   275 | D        | Reached skill level 10 in Fighting
   279 | D        | Killed a two-headed ogre
   279 | D        | Reached skill level 11 in Fighting
   279 | D        | Reached skill level 10 in Maces & Flails
   279 | D        | Reached skill level 10 in Armour
   279 | D        | Reached skill level 10 in Shields
   279 | D        | Reached XP level 8. HP: 57/82 MP: 8/8
   284 | D        | Reached *** piety under Beogh
   295 | D        | Killed a cyclops
   295 | D        | Reached skill level 12 in Fighting
   295 | D        | Reached XP level 9. HP: 45/90 MP: 9/9
   605 | D        | Noticed a black mamba
   605 | D        | Noticed a komodo dragon
   605 | D        | Noticed a seven-headed hydra
   605 | D        | Noticed an eight-headed hydra
   609 | D        | Killed a black mamba
   613 | D        | Reached **** piety under Beogh
   625 | D        | Killed a komodo dragon
   625 | D        | Reached skill level 13 in Fighting
   631 | D        | Killed a seven-headed hydra
   631 | D        | Reached XP level 10. HP: 44/101 MP: 10/10
   638 | D        | Killed an eight-headed hydra
   638 | D        | Reached ***** piety under Beogh
   638 | D        | Reached skill level 14 in Fighting
   639 | D        | HP: 3/103 [crocodile (8)]
  1023 | D        | Noticed an eight-headed hydra
  1023 | D        | Noticed a spiny frog
  1023 | D        | Noticed a black mamba
  1028 | D        | Killed an eight-headed hydra
  1029 | D        | Killed a spiny frog
  1032 | D        | Killed a black mamba
  1054 | D        | Reached ****** piety under Beogh
  1054 | D        | Reached skill level 15 in Fighting
  1435 | D        | Reached XP level 11. HP: 108/112 MP: 11/11
  1575 | D        | Noticed an orc knight
  1616 | D        | Noticed an orc sorcerer
  1616 | D        | Noticed an orc knight
  1618 | D        | Killed an orc sorcerer
  1621 | D        | Noticed an orc knight
  1631 | D        | Noticed an orc knight
  1641 | D        | Killed an orc knight
  1653 | D        | Killed an orc knight
  1671 | D        | Found Ruthreh's Food Emporium.
  1671 | D        | Noticed an orc knight
  1671 | D        | Noticed an orc knight
  1671 | D        | Noticed an orc knight
  1676 | D        | Noticed an orc knight
  1685 | D        | Killed an orc knight
  1685 | D        | Reached skill level 16 in Fighting
  1720 | D        | HP: 1/114 [orc knight/bolt (22)]
  2185 | D        | Found Topnias's General Store.
  2189 | D        | Found Emaxkapt's Weapon Emporium.
  2193 | D        | Found Derhana's Antique Armour Shoppe.
  2196 | D        | Noticed an orc knight
  2198 | D        | Bought a potion of heal wounds for 60 gold pieces
  2198 | D        | Bought a scroll of enchant armour for 90 gold pieces
  2198 | D        | Noticed an orc knight
  2199 | D        | Noticed an orc knight
  2205 | D        | Killed an orc knight
  2205 | D        | Reached skill level 15 in Armour
  2205 | D        | Reached skill level 15 in Shields
  2223 | D        | Killed an orc knight
  2223 | D        | Reached skill level 15 in Maces & Flails
  2239 | D        | Bought a runed hat for 154 gold pieces
  2470 | D        | Noticed Erolcha
  2471 | D        | Noticed Erica
  2482 | D        | Killed Erolcha
  2485 | D        | Killed Erica
  2602 | D        | Gained mutation: You are dopey. (Int -2) [potion of mutation]
  2602 | D        | Gained mutation: You possess an exceptional clarity of mind. [potion of mutation]
  2602 | D        | Lost mutation: You are dopey. (Int -2) [potion of mutation]
  2612 | D        | Noticed a manticore
  2612 | D        | Noticed an eight-headed hydra
  2612 | D        | Noticed a wolf spider
  2613 | D        | Noticed a centaur warrior
  2623 | D        | Killed a manticore
  2623 | D        | Reached skill level 1 in Dodging
  2627 | D        | Killed an eight-headed hydra
  2627 | D        | Reached skill level 17 in Fighting
  2631 | D        | Noticed a cyclops
  2634 | D        | Noticed an ice dragon
  2637 | D        | Noticed an ogre mage
  2641 | D        | Killed a wolf spider
  2642 | D        | Noticed a tengu warrior
  2646 | D        | Killed a centaur warrior
  2646 | D        | Reached XP level 12. HP: 61/125 MP: 12/12
  2656 | D        | Noticed a centaur warrior
  2662 | D        | Killed an ice dragon
  2665 | D        | Killed an ogre mage
  2673 | D        | Killed a tengu warrior
  2673 | D        | Reached skill level 5 in Dodging
  2675 | D        | Noticed a deep troll shaman
  2677 | D        | Killed a centaur warrior
  2677 | D        | Reached skill level 18 in Fighting
  2692 | D        | Killed a deep troll shaman
  3042 | D        | Noticed Rupert
  3057 | D        | Killed Rupert
  3253 | D        | Noticed a naga warrior
  3253 | D        | Noticed a naga sharpshooter
  3253 | D        | Noticed a naga warrior
  3253 | D        | Noticed an anaconda
  3253 | D        | Noticed a nagaraja
  3253 | D        | Noticed a naga warrior
  3265 | D        | Killed a naga warrior
  3277 | D        | Killed a naga warrior
  3277 | D        | Reached skill level 19 in Fighting
  3289 | D        | Killed a naga sharpshooter
  3305 | D        | Killed an anaconda
  3305 | D        | Gained Ortolf as an ally
  3308 | D        | Your ally Ortolf died
  3322 | D        | HP: 4/130 [nagaraja/spear (4)]
  3327 | D        | Killed a nagaraja
  3327 | D        | Reached XP level 13. HP: 16/138 MP: 13/13
  4199 | D        | Reached skill level 20 in Fighting
  4209 | D        | Killed a ghost moth
  4327 | D        | Reached skill level 10 in Dodging
  4388 | D        | Reached skill level 21 in Fighting
  4729 | D        | Noticed Kirke
  4738 | D        | Killed Kirke
  4792 | D        | Noticed Agnes
  4800 | D        | Killed Agnes
  4824 | D        | Noticed Frances
  4837 | D        | Killed Frances
  4943 | D        | Noticed a fire giant
  4943 | D        | Noticed an ice dragon
  4943 | D        | Noticed a lich
  4947 | D        | Reached skill level 22 in Fighting
  4952 | D        | Noticed an ettin
  4954 | D        | HP: 5/145 [fire giant/great sword of flaming (16)]
  4954 | D        | HP: 2/145 [fire giant/great sword of flaming (3)]
  4955 | D        | Killed a fire giant
  4955 | D        | Reached XP level 14. HP: 2/154 MP: 14/14
  4962 | D        | Blown up by a lich

Skill      XL: |  1  2  3  4  5  6  7  8  9 10 11 12 13 |
---------------+----------------------------------------+-----
Fighting       | 4 6 8 9 11 12 13 15 17 19 22 | 22.1
Maces & Flails | 3 5 6 8 10 12 13 16 | 16.0
Armour         | 5 6 7 8 10 11 12 14 16 18 20 | 20.6
Shields        | 5 6 7 8 10 11 12 14 15 | 15.0
Dodging        | 3 8 12 | 12.2

Action                   |  1- 3 |  4- 6 |  7- 9 | 10-12 | 13-15 || total
-------------------------+-------+-------+-------+-------+-------++-------
Melee: Flail             |    39 |    10 |       |       |       ||    49
       Morningstar       |       |    23 |    53 |   282 |   177 ||   535
Invok: Smiting           |       |       |       |     4 |     7 ||    11
  Use: Potion            |     1 |       |       |    11 |     1 ||    13
       Scroll            |       |       |     5 |     3 |       ||     8
 Stab: Distracted        |       |       |       |       |     1 ||     1
  Eat: Chunk             |       |       |     2 |     5 |     2 ||     9
       Ration            |       |       |       |     1 |     1 ||     2
Armor: Scale mail        |    20 |       |       |    38 |    49 ||   107
       Chain mail        |       |     8 |    32 |    59 |       ||    99
Dodge: Dodged            |     8 |     6 |     8 |    77 |    49 ||   148
Block: Shield            |    23 |    18 |    28 |   146 |    67 ||   282
